General information
- name: BNet
- type: Ladder 1vs1/FFA
- host: Battle.net
- saver: Mata.
map: TurtleRock
- players: 2
- length: 18:19
- speed: Fast
- version: 1.21 W3XP
- replay type:

» download(84 KB)
Players
team 1 (loser)
King.AT (
purple | 98 APM | 1800 actions | 18:18)
3 Demon Hunter
2 Mana Burn
1 Evasion
3 Naga Sea Witch
2 Frost Arrows
1 Forked Lightning
» actions
| Assign group hotkey | 103 | |
| Basic commands | 275 | |
| Build / train | 68 | |
| ESC pressed | 2 | |
| Enter build submenu | 14 | |
| Enter hero's abilities submenu | 6 | |
| Give item / drop item | 1 | |
| Remove unit from queue | 1 | |
| Right click | 558 | |
| Select / deselect | 384 | |
| Select group hotkey | 314 | |
| Use ability | 74 | |
1800 total
» units
| Wisp | 13 | |
| Archer | 15 | |
| Dryad | 7 | |
| Druid of the Claw | 3 | |
| Glaive Thrower | 2 | |
40 total
» upgrades
| Strength of the Wild | 1 | |
| Reinforced Hides | 1 | |
| Strength of the Moon | 1 | |
| Abolish Magic | 1 | |
| Druid of the Claw Training | 2 | |
6 total
» buildings
| Altar of Elders | 1 | |
| Moon Well | 6 | |
| Ancient of War | 2 | |
| Tree of Ages | 2 | |
| Hunter's Hall | 2 | |
| Ancient of Lore | 3 | |
| Tree of Eternity | 2 | |
18 total
» build order
00:04 Altar of Elders
00:05 Moon Well
01:17 Ancient of War
01:37 Ancient of War
01:53 Moon Well
02:18 Moon Well
03:24 Tree of Ages
04:40 Hunter's Hall
05:11 Hunter's Hall
05:31 Moon Well
06:53 Ancient of Lore
07:27 Ancient of Lore
09:17 Ancient of Lore
09:40 Moon Well
11:54 Tree of Eternity
11:54 Tree of Eternity
12:45 Moon Well
» items
team 2 (winner)
Mata. (
yellow | 227 APM | 4162 actions | 18:19)
3 Warden
2 Shadow Strike
1 Fan of Knives
4 Naga Sea Witch
2 Frost Arrows
2 Forked Lightning
» actions
| Assign group hotkey | 641 | |
| Build / train | 70 | |
| Enter build submenu | 16 | |
| Enter hero's abilities submenu | 7 | |
| Remove unit from queue | 4 | |
| Right click | 1934 | |
| Select / deselect | 788 | |
| Select group hotkey | 597 | |
| Use ability | 105 | |
4162 total
» units
| Wisp | 15 | |
| Archer | 12 | |
| Dryad | 5 | |
| Druid of the Claw | 8 | |
40 total
» upgrades
| Druid of the Claw Training | 2 | |
2 total
» buildings
| Altar of Elders | 2 | |
| Moon Well | 5 | |
| Ancient of War | 2 | |
| Tree of Ages | 1 | |
| Hunter's Hall | 1 | |
| Ancient of Lore | 2 | |
| Ancient of Wonders | 1 | |
| Tree of Eternity | 3 | |
17 total
» build order
00:03 Altar of Elders
00:16 Altar of Elders
00:21 Moon Well
01:16 Ancient of War
01:36 Ancient of War
02:48 Moon Well
03:16 Tree of Ages
04:53 Hunter's Hall
06:03 Moon Well
06:27 Moon Well
07:10 Ancient of Lore
07:12 Ancient of Lore
09:43 Ancient of Wonders
10:19 Tree of Eternity
10:20 Tree of Eternity
10:48 Moon Well
» items
| Staff of Preservation | 2 | |
| Scroll of Town Portal | 2 | |
4 total
Chat log
(00:22 / All) King.AT: hi from?
(00:24 / All) Mata.: gl hf
(00:28 / All) King.AT: Russia
(01:46 / All) Mata.: not a very good spot for aow
(18:18 / All) King.AT: gg